 Dungeon Crawl Stone Soup version 0.18-a0-1435-gee79d65 (webtiles) character file.

10000 Karasik the Nimble (level 11, -10/86 HPs)
             Began as a Merfolk Skald on Feb 28, 2016.
             Was an Elder of Makhleb.
             Mangled by a seven-headed hydra (11 damage)
             ... on level 2 of the Lair of Beasts.
             The game lasted 00:47:14 (14874 turns).

Karasik the Nimble (Merfolk Skald)                 Turns: 14874, Time: 00:47:14

Health: -10/86     AC:  8    Str: 17    XL:     11   Next: 55%
Magic:  14/14      EV: 18    Int: 12    God:    Makhleb [****..]
Gold:   833        SH:  0    Dex: 16    Spells: 6 memorised, 2 levels left

rFire  . . .     SeeInvis +     b - +8 mithril axe "Arga" {speed, MR+ Str+2}
rCold  . . .     Gourm    .     v - +2 leather armour {MR+}
rNeg   + . .     Faith    .     (no shield)
rPois  .         Spirit   .     D - +0 helmet {SInv}
rElec  .         Dismiss  .     (no cloak)
rCorr  .         Reflect  .     j - +0 pair of gloves
SustAt .         Harm     .     y - +0 pair of boots
MR     ++...                    h - amulet of magic regeneration
Stlth  +.........               L - +2 ring of strength
                                z - ring of positive energy

@: very resistant to hostile enchantments, very unstealthy
A: change form in water, swift swim
a: Minor Destruction, Lesser Servant of Makhleb, Major Destruction, Renounce
Religion


You were on level 2 of the Lair of Beasts.
You worshipped Makhleb.
Makhleb was greatly pleased with you.
You were hungry.

You visited 4 branches of the dungeon, and saw 13 of its levels.
You also visited: Ossuary.

You collected 994 gold pieces.
You spent 161 gold pieces at shops.

Inventory:

Hand Weapons
 b - the +8 mithril axe "Arga" (weapon) {speed, MR+ Str+2}
   (You found it on level 5 of the Dungeon)

   Attacks with this weapon are significantly faster.
   It affects your strength (+2).
   It affects your resistance to hostile enchantments.
 A - a +0 trident
Missiles
 e - 3 needles of sleeping
 F - 19 poisoned needles
Armour
 j - a +0 pair of gloves (worn)
 v - a +2 leather armour of magic resistance (worn)
 y - a +0 pair of boots (worn)
 D - a +0 helmet of see invisible (worn)
 N - a +0 ring mail of poison resistance
 S - a +4 ring mail
Jewellery
 h - an amulet of magic regeneration (around neck)
 z - a ring of positive energy (left hand)
 L - a +2 ring of strength (right hand)
 U - an uncursed amulet of rage
Wands
 a - a wand of disintegration (10/24)
 C - a wand of random effects (36/48)
 J - a wand of random effects (16/48)
 Q - a wand of acid (8/15)
 Z - a wand of flame (22/48)
Scrolls
 f - 6 scrolls of amnesia
 g - a scroll of summoning {unknown}
 i - 3 scrolls of teleportation
 n - 3 scrolls of remove curse
 o - 2 scrolls of enchant weapon {unknown}
 t - 2 scrolls of enchant armour {unknown}
 w - 5 scrolls of blinking {unknown}
 I - a scroll of random uselessness {unknown}
 M - a scroll of fear {unknown}
 O - a scroll of recharging {unknown}
 R - a scroll of magic mapping
 Y - a scroll of identify
Potions
 k - 5 potions of haste
 l - 5 potions of brilliance
 p - 6 potions of curing
 r - a potion of ambrosia
 s - 4 potions of might
 E - 3 potions of heal wounds
 G - a potion of flight
 K - a potion of cure mutation
 P - a potion of invisibility
 T - 2 potions of berserk rage {unknown}
Books
 c - a book of Battle

   Spells                             Type                      Level
   a - Infusion                       Charms                       1
   b - Shroud of Golubria             Charms/Translocation         2
   c - Song of Slaying                Charms                       2
   d - Spectral Weapon                Hexes/Charms                 3
   e - Regeneration                   Charms/Necromancy            3
 B - a book of Cantrips

   Spells                             Type                      Level
   a - Corona                         Hexes                        1
   b - Animate Skeleton               Necromancy                   1
   c - Summon Small Mammal            Summoning                    1
   d - Apportation                    Translocation                1
Miscellaneous
 V - a lamp of fire
 X - a sack of spiders
Comestibles
 d - 10 bread rations
 m - 2 slices of pizza
 q - 3 beef jerkies
 u - 2 meat rations
 x - 4 fruits
 W - a royal jelly


   Skills:
 - Level 8.0 Fighting
 - Level 7.7(8.4) Axes
 - Level 8.6(11.7) Polearms
 - Level 1.0 Armour
 + Level 9.9 Dodging
 - Level 2.2 Spellcasting
 - Level 6.0 Hexes
 - Level 4.0 Charms
 - Level 4.0 Necromancy
 - Level 1.0 Translocations
 + Level 5.0 Invocations


You had 2 spell levels left.
You knew the following spells:

 Your Spells              Type           Power        Failure   Level  Hunger
a - Infusion              Chrm           ##..         8%          1    ##.....
b - Song of Slaying       Chrm           ##......     12%         2    ###....
c - Shroud of Golubria    Chrm/Tloc      #.........   17%         2    ###....
d - Spectral Weapon       Hex/Chrm       ##......     14%         3    ####...
e - Regeneration          Chrm/Necr      ##........   21%         3    ####...
f - Animate Skeleton      Necr           N/A          8%          1    ##.....


Dungeon Overview and Level Annotations

Branches:
Dungeon (9/15)             Temple (1/1) D:7            Lair (2/8) D:8
    Orc (1/2) D:9

Altars:
Ashenzari
Cheibriados
Dithmenos
Elyvilon
Fedhas
Gozag
Kikubaaqudgha
Makhleb
Nemelex Xobeh
Okawaru
Pakellas
Qazlal
Ru
Sif Muna
Trog
Vehumet
Xom
Yredelemnul
Zin
The Shining One

Shops:
D:7 *[


Message History

Some of the chunks of flesh in your inventory have rotted away.
Your river rat skeleton crumbles into dust!
All of the chunks of flesh in your inventory have rotted away.
The seven-headed hydra is too close now for your liking.
The seven-headed hydra bites you.
The seven-headed hydra barely misses you.
The seven-headed hydra misses you. The seven-headed hydra bites you! x2
The seven-headed hydra completely misses you.
The seven-headed hydra bites you!
You hit the seven-headed hydra.
The seven-headed hydra is lightly wounded.
The seven-headed hydra bites you but does no damage.
The seven-headed hydra bites you! x2
The seven-headed hydra closely misses you.
The seven-headed hydra bites you! The seven-headed hydra bites you. x2
You are feeling hungry.
Unknown command.
The seven-headed hydra barely misses you.
The seven-headed hydra bites you! x2
You die...

....###........^...# #...#
#........#.#.#### ###
#...#..........##..##.###.###
...............###..........#
♣♣♣♣...........###.#P.......#
♣ ≈≈≈...........P.......# ♣
.§#≈...................#
♣♣♣♣.§§≈§......#.D.##.......#
...............#@#####.....##
<...####.#P.#..............#
.........##.#..............#
...........................#
...###.#####.............###
...# # #..........##.# #..#
##.#.......###.# ...#
##..#.#...####P.# ...#
#...............#


You could see a seven-headed hydra.

Vanquished Creatures
  An orc high priest (Orc:1)
  Pikel (D:5)
  A spiny frog (Lair:1)
  A komodo dragon (Lair:1)
  2 trolls (D:9)
  7 blink frogs
  A slime creature (D:8)
  A shadow (D:8)
  A wraith (Ossuary)
  A spriggan (D:8)
  A hippogriff (D:7)
  A hungry ghost (D:7)
  Menkaure (D:6)
  Duvessa (D:7)
  3 water moccasins
  14 orc warriors
  4 porcupines
  A black bear (D:9)
  A sky beast (D:9)
  3 slaves (D:5)
  A phantom (D:8)
  3 ogres
  2 centaurs
  4 crocodiles
  Dowan (D:7)
  2 giant frogs
  A wyvern zombie (D:7)
  A water moccasin skeleton (D:5)
  A scorpion (D:8)
  5 killer bees (D:9)
  A howler monkey (D:6)
  A crimson imp (D:5)
  A giant frog zombie (D:7)
  2 lava snakes (D:8)
  6 orc priests (Orc:1)
  4 hounds
  A giant frog skeleton (D:5)
  9 orc wizards
  4 iguanas
  9 worker ants
  A killer bee zombie (D:7)
  A hound skeleton (D:5)
  A worker ant zombie (D:7)
  A howler monkey zombie (D:7)
  A mummy (Ossuary)
  10 gnolls
  12 adders
  16 river rats (Lair:2)
  A shadow imp (D:6)
  2 adder skeletons
  2 worms
  4 dart slugs
  4 giant geckos
  52 orcs
  A ball python (D:6)
  9 bats
  6 giant cockroaches
  7 goblins
  8 hobgoblins
  18 jackals
  8 kobolds
  5 quokkas
  3 giant newts
  4 gnoll skeletons (Ossuary)
  A jackal skeleton (D:6)
  10 kobold skeletons (Ossuary)
  10 orc skeletons (Ossuary)
  2 quokka skeletons (D:4)
  5 rats
  A butterfly (D:8)
312 creatures vanquished.

Vanquished Creatures (collateral kills)
  A komodo dragon (Lair:2)
  2 blink frogs (Lair:2)
  5 river rats (Lair:2)
  2 orcs (Orc:1)
10 creatures vanquished.

Vanquished Creatures (others)
  2 fungi (Lair:2)
  A spectral weapon (Lair:1)
3 creatures vanquished.

Grand Total: 325 creatures vanquished

Notes
Turn   | Place    | Note
--------------------------------------------------------------
     0 | D:1      | Karasik the Merfolk Skald began the quest for the Orb.
     0 | D:1      | Reached XP level 1. HP: 16/16 MP: 3/3
   129 | D:1      | Reached XP level 2. HP: 8/22 MP: 1/5
   397 | D:1      | Learned a level 2 spell: Song of Slaying
   400 | D:1      | Learned a level 2 spell: Shroud of Golubria
   768 | D:2      | Reached XP level 3. HP: 27/27 MP: 6/6
   886 | D:2      | Reached skill level 5 in Polearms
  1058 | D:2      | Reached XP level 4. HP: 29/33 MP: 1/7
  2063 | D:2      | Reached skill level 2 in Dodging
  2576 | D:1      | Reached XP level 5. HP: 24/38 MP: 6/8
  2932 | D:3      | Reached skill level 3 in Dodging
  3065 | D:2      | Found a shadowy altar of Dithmenos.
  3314 | D:3      | HP: 1/38 [gnoll/spear (6)]
  4895 | D:3      | Reached XP level 6. HP: 36/47 MP: 0/9
  6174 | D:4      | Noticed an ice beast
  6709 | D:5      | Entered Level 5 of the Dungeon
  6831 | D:5      | Reached skill level 4 in Dodging
  6831 | D:5      | Reached XP level 7. HP: 42/52 MP: 0/10
  7147 | D:5      | Reached skill level 1 in Translocations
  7561 | D:5      | Noticed Pikel
  7605 | D:5      | Killed Pikel
  7605 | D:5      | Reached skill level 8 in Dodging
  7605 | D:5      | Reached XP level 8. HP: 54/58 MP: 8/11
  7863 | D:5      | Reached skill level 1 in Axes
  8217 | D:6      | Noticed Menkaure
  8233 | D:6      | Killed Menkaure
  8238 | D:6      | Found a bloodstained altar of Trog.
  8247 | D:6      | Found a deep blue altar of Sif Muna.
  8250 | D:6      | Found a blossoming altar of Fedhas.
  8252 | D:6      | Found a stormy altar of Qazlal.
  8321 | D:6      | Found an ancient bone altar of Kikubaaqudgha.
  8324 | D:6      | Found a sacrificial altar of Ru.
  8595 | D:6      | Found a snail-covered altar of Cheibriados.
  8598 | D:6      | Found a glowing silver altar of Zin.
  8891 | D:6      | Learned a level 3 spell: Spectral Weapon
  9078 | D:6      | Reached skill level 1 in Hexes
  9140 | D:7      | Found Ynil's Armour Shoppe.
  9148 | D:7      | Reached XP level 9. HP: 37/66 MP: 12/12
  9176 | D:7      | Bought a +0 helmet of see invisible for 161 gold pieces
  9186 | D:7      | Found a sand-covered staircase.
  9195 | D:7      | Reached skill level 5 in Hexes
  9393 | Ossuary  | Entered an ossuary
  9577 | D:7      | Learned a level 3 spell: Regeneration
  9627 | D:7      | Found Aginufuc's Assorted Antiques.
  9659 | D:7      | Reached skill level 1 in Necromancy
  9704 | D:7      | Learned a level 1 spell: Animate Skeleton
  9712 | D:7      | Found a staircase to the Ecumenical Temple.
  9721 | Temple   | Entered the Ecumenical Temple
  9762 | Temple   | Became a worshipper of Makhleb the Destroyer
  9873 | D:7      | Noticed Duvessa
  9874 | D:7      | Noticed Dowan
  9885 | D:7      | Killed Duvessa
  9887 | D:7      | Killed Dowan
 10025 | D:7      | Found an opulent altar of Gozag.
 10025 | D:7      | Found a sparkling altar of Nemelex Xobeh.
 10123 | D:8      | Found a shimmering altar of Xom.
 10184 | D:8      | Found a sparkling altar of Nemelex Xobeh.
 10283 | D:8      | Reached skill level 1 in Armour
 10403 | D:8      | Reached skill level 5 in Fighting
 10423 | D:8      | Reached * piety under Makhleb
 10488 | D:8      | Found a staircase to the Lair.
 10759 | D:8      | Reached XP level 10. HP: 67/77 MP: 9/13
 11619 | D:9      | Reached skill level 9 in Dodging
 11874 | D:9      | Found a staircase to the Orcish Mines.
 12045 | Orc:1    | Entered Level 1 of the Orcish Mines
 12197 | Orc:1    | Noticed an orc high priest
 12210 | Orc:1    | Reached ** piety under Makhleb
 12308 | Orc:1    | Killed an orc high priest
 12308 | Orc:1    | Reached skill level 5 in Axes
 12409 | Orc:1    | Found an iron altar of Okawaru.
 12549 | Orc:1    | Reached XP level 11. HP: 66/86 MP: 5/14
 12554 | Orc:1    | Reached *** piety under Makhleb
 13108 | Lair:1   | Entered Level 1 of the Lair of Beasts
 13117 | Lair:1   | Reached skill level 1 in Invocations
 13992 | Lair:2   | Noticed a seven-headed hydra
 14421 | Lair:2   | Reached **** piety under Makhleb
 14566 | Lair:2   | Reached skill level 5 in Invocations
 14874 | Lair:2   | HP: 1/86 [seven-headed hydra (14)]
 14874 | Lair:2   | Mangled by a seven-headed hydra

Vault maps used:
D:1:      mainiacjoe_arrival_reflecting_pool, minivault_24
D:2:      nicolae_overflow_hidden_temple
D:5:      first_bread, uniq_pikel
D:6:      grunt_temple_overflow_cloverleaf, minitemple, uniq_menkaure
D:7:      grunt_temple_overflow_opulence, temple_hall, serial_shops,
          nicolae_shop_crystal, nicolae_shop_statue_plus,
          nicolae_ossuary_entry_ruins, uniq_duvessa
D:8:      kennysheep_big_flooded_room, xom_butterflies, lair_0_dummy,
          basic_altar, the_bakery
D:9:      orc_0_dummy
Temple:   jpeg_temple_alley_garden_8
Lair:1:   grunt_megastairs_4, serial_bayou_shore_b
Lair:2:   lemuel_slime
Orc:1:    okawaru_metal_pillars_1_2
Ossuary:  ossuary_due_mausoleum

Skill      XL: |  1  2  3  4  5  6  7  8  9 10 11 |
---------------+----------------------------------+-----
Polearms       | 4 5 6 8 |  8.6
Charms         | 4 |  4.0
Dodging        | 2 3 4 8 9 |  9.9
Fighting       | 3 4 6 8 |  8.0
Translocations | 1 |  1.0
Axes           | 2 6 7 |  7.7
Hexes          | 4 6 |  6.0
Necromancy     | 4 |  4.0
Armour         | 1 |  1.0
Invocations    | 5 |  5.0
Spellcasting   | |  2.2

Action                   |  1- 3 |  4- 6 |  7- 9 | 10-12 || total
-------------------------+-------+-------+-------+-------++-------
Melee: Spear             |   125 |   421 |    40 |       ||   586
       Broad axe         |       |       |   261 |   231 ||   492
 Cast: Infusion          |     8 |    21 |     6 |     5 ||    40
       Song of Slaying   |     2 |    10 |     1 |     6 ||    19
       Shroud of Golubri |     1 |    29 |    12 |    20 ||    62
       Spectral Weapon   |       |       |     7 |    14 ||    21
       Animate Skeleton  |       |       |     1 |    24 ||    25
       Regeneration      |       |       |     1 |     5 ||     6
Invok: Minor Destruction |       |       |       |     1 ||     1
       Lesser Servant of |       |       |       |     1 ||     1
Evoke: Wand              |       |       |     1 |       ||     1
  Use: Scroll            |       |     8 |     5 |     4 ||    17
       Potion            |       |       |       |     2 ||     2
 Stab: Sleeping          |     2 |       |     4 |     1 ||     7
       Distracted        |       |     1 |       |     3 ||     4
  Eat: Chunk             |     1 |    17 |    16 |    16 ||    50
       Meat ration       |       |     1 |       |       ||     1
       Beef jerky        |       |     1 |       |     2 ||     3
       Fruit             |       |       |     1 |       ||     1
